 Dungeon Crawl Stone Soup version 0.24-a0-504-gcfb02b9d07 (webtiles) character file.

Game seed: 2204245622433161009

61 KristoblXynda the Slasher (level 3, -3/33 HPs)
             Began as a Draconian Monk on July 16, 2019.
             Slain by Crazy Yiuf
             ... wielding a +3 quarterstaff of chaos
              (10 damage)
             ... on level 2 of the Dungeon.
             The game lasted 00:02:21 (1306 turns).

KristoblXynda the Slasher (Draconian Monk)          Turns: 1306, Time: 00:02:21

Health: -3/33      AC:  5    Str: 13    XL:     3   Next: 83%
Magic:  3/3        EV: 13    Int: 11    God:
Gold:   119        SH:  0    Dex: 13    Spells: 2/2 levels left

rFire    . . .     SeeInvis .   a - +0 falchion
rCold    . . .     Gourm    .   (no shield)
rNeg     + . .     Faith    .   (armour unavailable)
rPois    .         Spirit   .   (helmet restricted)
rElec    .         Reflect  .   (no cloak)
rCorr    .         Harm     .   (no gloves)
MR       .....                  (no boots)
Stlth    ++........             (no amulet)
HPRegen  0.11/turn              h - ring of positive energy
MPRegen  0.08/turn              (no ring)

@: lethally poisoned (-3 -> -14), very slightly contaminated, invisible
A: unfitting armour, cold-blooded, AC +5
a: no special abilities


You were on level 2 of the Dungeon.
You were not hungry.

You visited 1 branch of the dungeon, and saw 2 of its levels.

You collected 119 gold pieces.

Inventory:

Hand Weapons
 a - a +0 falchion (weapon)
Jewellery
 h - a ring of positive energy (left hand)
Scrolls
 c - 3 scrolls of teleportation {unknown}
 e - a scroll of remove curse {unknown}
 f - 2 scrolls of immolation {unknown}
 g - 4 scrolls of identify {unknown}
 i - a scroll of enchant armour {unknown}
 m - a scroll of noise {unknown}
Potions
 d - a potion of invisibility
 j - 2 potions of agility {unknown}
 k - a potion of curing {unknown}
 l - a potion of cancellation {unknown}
Comestibles
 b - 3 rations
 n - 3 chunks of flesh


   Skills:
 + Level 3.8 Fighting
 * Level 4.0 Long Blades
 + Level 3.1 Dodging
 - Level 1.7 Stealth


You had 2 spell levels left.
You didn't know any spells.
Your spell library was empty.

Dungeon Overview and Level Annotations

Branches:
Dungeon (2/15)

Altars:
Okawaru
Qazlal

Annotations:
D:2 Crazy Yiuf


Innate Abilities, Weirdness & Mutations

Your plain brown scales are hard. (AC +5)
You cannot fit into any form of body armour.
You are cold-blooded and may be slowed by cold attacks.


Message History

Crazy Yiuf cries, "You leg down broken song, no?"
Crazy Yiuf misses you.
You barely miss Crazy Yiuf.
Your tail-slap misses Crazy Yiuf.
Crazy Yiuf is moderately wounded.
Crazy Yiuf waves his quarterstaff at you.
Crazy Yiuf hits you with a +3 quarterstaff of chaos!
You are poisoned.
You hit Crazy Yiuf.
Crazy Yiuf is heavily wounded.
You feel sick.
Crazy Yiuf hits you with a +3 quarterstaff of chaos!
* * * LOW HITPOINT WARNING * * *
You fade into invisibility!
You are very lightly contaminated with residual magic.
It was a potion of invisibility.
You fade further into invisibility.
* * * LOW HITPOINT WARNING * * *
You feel sick.
Crazy Yiuf hits you with a +3 quarterstaff of chaos!
You die...

#.##.####.#.#.#
#.##.....######
#.##..##.#
#........#
#####
#..#..#.##
#)..#
#..#..#..#
#...#
#..#..##.# ...
#.†#..##.# #g#
#..#..##.# #@##
#........# ##.#
############
#..#.....# #.##
#...........
#..#.##### ##.#
###.####....
#..#.# ##.##
#.....>.....
#..#.#####
##...#
###.####....
#........#
#....#
####...##<..
#........#
#....#
#.##.#.###.#
#.######>##
#....#
#....#...#.#


You could see Crazy Yiuf.

Vanquished Creatures
  2 adders (D:2)
  A worm (D:2)
  A dart slug (D:1)
  8 bats
  4 goblins
  5 hobgoblins
  A quokka (D:2)
  7 frilled lizards
  6 kobolds
  5 rats
40 creatures vanquished.

Notes
Turn   | Place    | Note
-------+----------+-------------------------------------------
     0 | D:1      | KristoblXynda the Draconian Monk began the quest for the
                  | Orb.
     0 | D:1      | Reached XP level 1. HP: 19/19 MP: 1/1
   125 | D:1      | Reached XP level 2. HP: 18/26 MP: 2/2
   789 | D:2      | Reached XP level 3. HP: 26/33 MP: 3/3
   994 | D:2      | Found an iron altar of Okawaru.
   995 | D:2      | Found a stormy altar of Qazlal.
  1115 | D:2      | Found a faded altar of an unknown god.
  1149 | D:2      | Reached skill level 4 in Long Blades
  1170 | D:2      | Found a runed translucent door.
  1171 | D:2      | Noticed Crazy Yiuf
  1306 | D:2      | Slain by Crazy Yiuf

Levels and vault maps discovered:
D:1:      shiori_arrival_elements, layout_basic, minmay_indecisive_spiral
D:2:      layout_loops_ring, chequers_temple_overflow_statue_of_worship,
          chequers_ecumenical_altar_simple, uniq_crazy_yiuf_cottage

Skill      XL: |  1  2  3 |
---------------+----------+-----
Dodging        | 3 |  3.1
Long Blades    | 4 |  4.0
Fighting       | |  3.8
Stealth        | |  1.7

Action                   || total
-------------------------++-------
Melee: Falchion          ||    98
       Tailslap          ||     9
  Use: Potion            ||     1
 Stab: Sleeping          ||     2
       Distracted        ||     1
  Eat: Chunk             ||     1
Armor: Skin              ||    35
Dodge: Dodged            ||    76
       Rpst.: Falchion   ||    24

Table legend:
 A = Non-vault XP
 B = Vault XP
 C = Vault XP percentage of total XP
 D = Non-vault monster count
 E = Vault monster count
 F = Vault count percentage of total count
                 A         B        C        D         E       F
            +---------+---------+-------+---------+---------+-------
      Total |      83 |       5 |   5.7 |      36 |       4 |  10.0
            +---------+---------+-------+---------+---------+-------
        D:1 |      33 |       5 |  13.2 |      20 |       4 |  16.7
        D:2 |      50 |       0 |   0.0 |      16 |       0 |   0.0
            +---------+---------+-------+---------+---------+-------
